Rangers vs Predators

Created - April 30, 2024 at 19:52

Goals
1 2 3 T
Rangers 0 2 1 3
Predators 1 0 0 1
Shots
1 2 3 T
Rangers 11 10 9 30
Predators 15 5 6 26

1st period

1. Predators , Scott Laughton 14 (Ryan Mcdonagh 34) at 5:35

Penalties :
Markus Granlund (Nas) for Tripping (Minor) at 8:34, Alexander Ovechkin (Nas) for Hooking (Minor) at 19:20

2nd period

2. Rangers , Tomas Hertl 25 (Cale Makar 60, Ryan Strome 30) at 0:36 (PP)
3. Rangers , Ondrej Palat 20 (Devante Smith-Pelly 24, Jake McCabe 22) at 5:31

Penalties :
Richard Panik (NyR) for Delaying the game (Minor) at 2:16, Scott Laughton (Nas) for Goalie Interference (Minor) at 16:18

3rd period

4. Rangers , Vince Dunn 2 (Jake McCabe 23, Sean Couturier 72) at 19:37 (Empty Net)

Penalties :
Ryan Mcdonagh (Nas) for Unsportsmanlike conduct (Minor) at 5:48, Justin Faulk (Nas) for Tripping (Minor) at 19:40

Goalie Stats

Samuel Montembeault (NyR), 25 saves from 26 shots - (0.962), W, 22-17-3, 60:00 minutes
Kari Lehtonen (Nas), 27 saves from 29 shots - (0.931), L, 19-17-1, 59:28 minutes

Players Stats for Rangers

Player Name              G  A  P  +/- PIM S  H  SB GA TA FO     MP     PP MP  PK MP  
------------------------------------------------------------------------------------
Cale Makar               0  1  1   0  0   0  1  0  2  0  0/0    22:30   4:40   0:00 
Devante Smith-Pelly      0  1  1   1  0   1  3  0  0  0  0/0    17:35   4:36   0:00 
Dmitry Kulikov           0  0  0   0  0   0  0  1  0  1  0/0    19:00   0:00   0:59 
Henrik Samuelsson        0  0  0  -1  0   0  2  1  0  0  3/4    10:57   0:00   0:48 
Jake McCabe              0  2  2   1  0   2  3  0  0  2  0/0    22:36   2:16   0:59 
Mikhail Sergachev        0  0  0   0  0   1  0  0  0  1  0/0    19:39   0:36   1:00 
Milan Lucic              0  0  0   0  0   6  1  0  0  0  1/1    21:31   4:36   0:35 
Oliver Bjorkstrand       0  0  0   0  0   1  0  0  1  0  0/0    11:45   0:00   0:39 
Ondrej Palat             1  0  1   1  0   4  4  0  0  0  0/0    15:54   2:56   0:00 
Patrik Nemeth            0  0  0   0  0   0  0  1  0  1  0/0    13:51   0:00   1:00 
Richard Panik            0  0  0   0  2   2  0  1  0  0  0/0    10:50   0:00   0:00 
Ryan Strome              0  1  1   0  0   2  0  1  0  0  0/0    19:10   2:56   0:00 
Samuel Blais             0  0  0  -1  0   2  2  1  0  0  0/0    15:03   5:16   0:00 
Sean Couturier           0  1  1   1  0   3  5  1  1  0  14/29  22:32   4:36   0:58 
Seth Griffith            0  0  0   0  0   0  0  0  0  0  2/5    10:22   0:00   0:00 
T.J Galiardi             0  0  0   1  0   1  1  0  0  0  0/0    12:11   0:00   0:58 
Tomas Hertl              1  0  1   1  0   3  1  0  0  0  6/12   15:42   2:56   0:00 
Vince Dunn               1  0  1   1  0   2  1  0  0  1  0/0    16:52   2:16   0:00 

Players Stats for Predators

Player Name              G  A  P  +/- PIM S  H  SB GA TA FO     MP     PP MP  PK MP  
------------------------------------------------------------------------------------
Alexander Ovechkin       0  0  0  -2  2   2  1  0  1  0  2/2    20:18   1:04   1:15 
Andreas Englund          0  0  0  -2  0   0  3  2  0  1  0/0    17:22   0:00   3:19 
Andy Miele               0  0  0  -2  0   4  1  0  1  0  13/26  22:43   1:04   4:25 
Claude Giroux            0  0  0   0  0   2  0  0  2  0  0/0    18:40   1:07   2:13 
Jack Eichel              0  0  0   0  0   3  1  1  0  0  3/5    15:34   0:55   0:54 
Jaden Schwartz           0  0  0   1  0   5  2  0  1  1  0/0    17:36   0:55   1:52 
Joel Armia               0  0  0   0  0   0  3  0  0  0  1/1     9:45   0:00   0:00 
John Moore               0  0  0   0  0   0  0  2  0  0  0/0    24:11   0:00   4:56 
Justin Faulk             0  0  0   1  2   1  0  0  1  0  0/0    20:28   0:52   2:36 
Mark Pysyk               0  0  0   1  0   0  2  2  0  0  0/0    14:35   0:00   4:25 
Markus Granlund          0  0  0   0  2   0  0  0  0  1  2/5     9:57   0:00   0:00 
Mikael Granlund          0  0  0  -2  0   1  1  1  0  0  0/1    18:07   1:04   0:00 
Morgan Rielly            0  0  0   0  0   2  1  1  0  1  0/0    18:09   0:52   0:38 
Nicolas Kerdiles         0  0  0   0  0   0  1  1  0  0  0/0     2:23   0:00   0:00 
Reilly Smith             0  0  0   0  0   2  1  0  0  0  1/1    13:26   0:55   0:00 
Ryan Mcdonagh            0  1  1   1  2   0  3  2  0  0  0/0    25:09   1:07   3:35 
Scott Laughton           1  0  1   1  2   3  1  0  0  0  3/10   10:16   0:00   0:00 
Travis Dermott           0  0  0  -2  0   1  0  0  0  0  0/0    13:44   0:00   0:00 

3 Stars

1 - Ondrej Palat (NyR)
2 - Jake McCabe (NyR)
3 - Samuel Montembeault (NyR)

Power Play

Rangers - 1 on 5 Attempt(s) - 20.00%
Predators - 0 on 1 Attempt(s) - 0.00%

Penalty Kill

Rangers - 1 on 1 Attempt(s) - 100.00% - Score 0 goal in Penalty Kill
Predators - 4 on 5 Attempt(s) - 80.00% - Score 0 goal in Penalty Kill

Team Stat

Rangers - Hits : 24 - Faceoff Wins : 26 - Blocked Shots : 7 - Penalty Minutes : 2
Predators - Hits : 21 - Faceoff Wins : 25 - Blocked Shots : 12 - Penalty Minutes : 10

Official

Referees : Furman South and Chris Rooney
Linesman : Matt MacPherson and Derek Amell

Game Notes

Nicolas Kerdiles is injured at 16:32 of 1st period (Separated Right Shoulder)
Vince Dunn has scored in a empty net!

Finance

Level 1 -- Attendance: 6000 (100.00%) -- Ticket Income $600,000
Level 2 -- Attendance: 4500 (90.00%) -- Ticket Income $270,000
Level 3 -- Attendance: 2000 (100.00%) -- Ticket Income $70,000
Level 4 -- Attendance: 3690 (92.25%) -- Ticket Income $92,250
Luxury Box -- Attendance: 973 (97.30%) -- Ticket Income $194,600
Game was played at the Bridgestone arena.
Total Attendance: 17163 (95.35%)
Total Ticket Income: $1,226,850
Other Income: $184,028
Total Income: $1,410,878

Rangers

5 vs 5 Forward 
   Center                   Left Wing                Right Wing               Time % Phy DF OF 
 1 Sean Couturier           Milan Lucic              Ryan Strome              40     1   2  2  
 2 Tomas Hertl              Ondrej Palat             Devante Smith-Pelly      30     1   2  2  
 3 Henrik Samuelsson        Samuel Blais             Oliver Bjorkstrand       20     1   2  2  
 4 Seth Griffith            T.J Galiardi             Richard Panik            10     1   2  2  

5 vs 5 Defense 
   Defense                  Defense                                           Time % Phy DF OF 
 1 Jake McCabe              Cale Makar                                        40     1   2  2  
 2 Dmitry Kulikov           Mikhail Sergachev                                 30     1   2  2  
 3 Patrik Nemeth            Vince Dunn                                        20     1   2  2  
 4 Jake McCabe              Cale Makar                                        10     1   2  2  

PowerPlay Forward 
   Center                   Left Wing                Right Wing               Time % Phy DF OF 
 1 Sean Couturier           Milan Lucic              Devante Smith-Pelly      60     1   2  2  
 2 Tomas Hertl              Ondrej Palat             Ryan Strome              40     1   2  2  

PowerPlay Defense
   Defense                  Defense                                           Time % Phy DF OF 
 1 Cale Makar               Samuel Blais                                      60     1   2  2  
 2 Vince Dunn               Jake McCabe                                       40     1   2  2  

Penalty Kill 4 Players Forward 
   Center                   Wing                     Time % Phy DF OF 
 1 Sean Couturier           T.J Galiardi             60     1   2  2  
 2 Henrik Samuelsson        Richard Panik            40     1   2  2  

Penalty Kill 4 Players Defense
   Defense                  Defense                  Time % Phy DF OF 
 1 Jake McCabe              Dmitry Kulikov           60     1   2  2  
 2 Patrik Nemeth            Mikhail Sergachev        40     1   2  2  

Penalty Kill - 3 Players Forward 
   Forward                                           Time % Phy DF OF 
 1 Henrik Samuelsson                                 60     1   2  2  
 2 Sean Couturier                                    40     1   2  2  

Penalty Kill - 3 Players Defense
   Defense                  Defense                  Time % Phy DF OF 
 1 Jake McCabe              Dmitry Kulikov           60     1   2  2  
 2 Patrik Nemeth            Mikhail Sergachev        40     1   2  2  

4 vs 4 Forward 
   Center                   Wing                     Time % Phy DF OF 
 1 Milan Lucic              Sean Couturier           60     1   2  2  
 2 Tomas Hertl              Devante Smith-Pelly      40     1   2  2  

4 vs 4 Defense
   Defense                  Defense                  Time % Phy DF OF 
 1 Jake McCabe              Cale Makar               60     1   2  2  
 2 Dmitry Kulikov           Mikhail Sergachev        40     1   2  2  

Last Minutes Offensive
   Center                   Left Wing                Right Wing               Defense                  Defense                  
   Sean Couturier           Milan Lucic              Ryan Strome              Jake McCabe              Cale Makar               

Last Minutes Defensive
   Center                   Left Wing                Right Wing               Defense                  Defense                  
   Sean Couturier           T.J Galiardi             Devante Smith-Pelly      Jake McCabe              Dmitry Kulikov           

Goaltenders
Starting : Samuel Montembeault      
Backup : Frederik Andersen        

Extra Forwards
Normal : Richard Panik, Devante Smith-Pelly, Oliver Bjorkstrand - PP : Richard Panik, Devante Smith-Pelly - PK : Oliver Bjorkstrand
Extra Defensemen
Normal : Mikhail Sergachev, Vince Dunn, Patrik Nemeth - PP : Mikhail Sergachev - PK : Vince Dunn, Patrik Nemeth
Penalty Shots
Milan Lucic, Sean Couturier, Tomas Hertl, Devante Smith-Pelly, Ryan Strome
Custom OT Lines Forwards
Milan Lucic, Sean Couturier, Tomas Hertl, Devante Smith-Pelly, Ryan Strome, Samuel Blais, Ondrej Palat, Oliver Bjorkstrand, T.J Galiardi, Richard Panik
Custom OT Lines Defensemen
Jake McCabe, Cale Makar, Dmitry Kulikov, Mikhail Sergachev, Vince Dunn

Scratches
Chris Mcallister (Healthy), Magnus Paajarvi (Healthy)

Predators

5 vs 5 Forward 
   Center                   Left Wing                Right Wing               Time % Phy DF OF 
 1 Andy Miele               Alexander Ovechkin       Mikael Granlund          40     1   2  2  
 2 Jack Eichel              Claude Giroux            Reilly Smith             27     1   2  2  
 3 Scott Laughton           Jaden Schwartz           Mark Pysyk               23     1   2  2  
 4 Markus Granlund          Nicolas Kerdiles         Joel Armia               10     1   2  2  

5 vs 5 Defense 
   Defense                  Defense                                           Time % Phy DF OF 
 1 Ryan Mcdonagh            Justin Faulk                                      40     1   2  2  
 2 John Moore               Morgan Rielly                                     30     1   2  2  
 3 Andreas Englund          Travis Dermott                                    20     1   2  2  
 4 Ryan Mcdonagh            John Moore                                        10     1   1  3  

PowerPlay Forward 
   Center                   Left Wing                Right Wing               Time % Phy DF OF 
 1 Andy Miele               Alexander Ovechkin       Mikael Granlund          60     1   0  4  
 2 Jack Eichel              Jaden Schwartz           Reilly Smith             40     1   1  3  

PowerPlay Defense
   Defense                  Defense                                           Time % Phy DF OF 
 1 Ryan Mcdonagh            Claude Giroux                                     60     1   1  3  
 2 Justin Faulk             Morgan Rielly                                     40     1   1  3  

Penalty Kill 4 Players Forward 
   Center                   Wing                     Time % Phy DF OF 
 1 Andy Miele               Mark Pysyk               60     1   2  2  
 2 Jaden Schwartz           Claude Giroux            40     1   2  2  

Penalty Kill 4 Players Defense
   Defense                  Defense                  Time % Phy DF OF 
 1 Ryan Mcdonagh            John Moore               60     1   3  1  
 2 Andreas Englund          Justin Faulk             40     1   3  1  

Penalty Kill - 3 Players Forward 
   Forward                                           Time % Phy DF OF 
 1 Mark Pysyk                                        60     1   3  1  
 2 Jaden Schwartz                                    40     1   3  1  

Penalty Kill - 3 Players Defense
   Defense                  Defense                  Time % Phy DF OF 
 1 Ryan Mcdonagh            John Moore               60     1   3  1  
 2 Andreas Englund          Justin Faulk             40     1   3  1  

4 vs 4 Forward 
   Center                   Wing                     Time % Phy DF OF 
 1 Mikael Granlund          Claude Giroux            60     1   2  2  
 2 Andy Miele               Alexander Ovechkin       40     1   2  2  

4 vs 4 Defense
   Defense                  Defense                  Time % Phy DF OF 
 1 Ryan Mcdonagh            John Moore               60     1   2  2  
 2 Justin Faulk             Morgan Rielly            40     1   2  2  

Last Minutes Offensive
   Center                   Left Wing                Right Wing               Defense                  Defense                  
   Andy Miele               Alexander Ovechkin       Mikael Granlund          Ryan Mcdonagh            Claude Giroux            

Last Minutes Defensive
   Center                   Left Wing                Right Wing               Defense                  Defense                  
   Andy Miele               Claude Giroux            Mark Pysyk               Ryan Mcdonagh            John Moore               

Goaltenders
Starting : Kari Lehtonen            
Backup : Michal Neuvirth          

Extra Forwards
Normal : Jaden Schwartz, Claude Giroux, Jack Eichel - PP : Alexander Ovechkin, Joel Armia - PK : Claude Giroux
Extra Defensemen
Normal : Justin Faulk, Morgan Rielly, Travis Dermott - PP : Travis Dermott - PK : Ryan Mcdonagh, John Moore
Penalty Shots
Jaden Schwartz, Claude Giroux, Alexander Ovechkin, Andy Miele, Jack Eichel
Custom OT Lines Forwards
Claude Giroux, Mikael Granlund, Alexander Ovechkin, Jaden Schwartz, Reilly Smith, Andy Miele, Jack Eichel, Mark Pysyk, Nicolas Kerdiles, Scott Laughton
Custom OT Lines Defensemen
Ryan Mcdonagh, John Moore, Justin Faulk, Morgan Rielly, Andreas Englund

Scratches
None


% Time on Ice - Rangers

Lines # - Real PCT - Wanted PCT - Time Play
Normal Forward
1 - 33% - 40% - 16:17
2 - 27% - 30% - 13:13
3 - 20% - 20% - 9:54
4 - 21% - 10% - 10:22
Normal Defense
1 - 35% - 40% - 17:16
2 - 38% - 30% - 19:07
3 - 26% - 20% - 12:49
4 - 1% - 10% - 0:34
PP Forward
1 - 61% - 60% - 4:36
2 - 39% - 40% - 2:56
PP Defense
1 - 70% - 60% - 5:16
2 - 30% - 40% - 2:16
PK Forward
1 - 78% - 60% - 1:33
2 - 22% - 40% - 0:26
PK Defense
1 - 50% - 60% - 0:59
2 - 50% - 40% - 1:00
PK3 Forward
1 - 0% - 60%
2 - 0% - 40%
PK3 Defense
1 - 0% - 60%
2 - 0% - 40%
44 Forward
1 - 0% - 60%
2 - 0% - 40%
44 Defense
1 - 0% - 60%
2 - 0% - 40%
Last Minute Offensive  - 0:00
Last Minute Defensive  - 0:43
Total
Forward - 60:00
Defense - 60:00

% Time on Ice - Predators

Lines # - Real PCT - Wanted PCT - Time Play
Normal Forward
1 - 33% - 40% - 16:30
2 - 28% - 27% - 13:48
3 - 20% - 23% - 10:10
4 - 19% - 10% - 9:21
Normal Defense
1 - 38% - 40% - 18:52
2 - 33% - 30% - 16:39
3 - 25% - 20% - 12:24
4 - 4% - 10% - 1:54
PP Forward
1 - 54% - 60% - 1:04
2 - 46% - 40% - 0:55
PP Defense
1 - 56% - 60% - 1:07
2 - 44% - 40% - 0:52
PK Forward
1 - 75% - 60% - 5:40
2 - 25% - 40% - 1:52
PK Defense
1 - 74% - 60% - 5:34
2 - 26% - 40% - 1:58
PK3 Forward
1 - 0% - 60%
2 - 0% - 40%
PK3 Defense
1 - 0% - 60%
2 - 0% - 40%
44 Forward
1 - 0% - 60%
2 - 0% - 40%
44 Defense
1 - 0% - 60%
2 - 0% - 40%
Last Minute Offensive  - 0:40
Last Minute Defensive  - 0:00
Total
Forward - 60:00
Defense - 60:00

Play-by-Play

1st period


0:01 of 1st period - Sean Couturier wins face-off versus Andy Miele in neutral zone.
0:45 of 1st period - Icing by Justin Faulk.
0:46 of 1st period - Henrik Samuelsson wins face-off versus Jack Eichel in Predators zone.
1:06 of 1st period - Snap shot by Claude Giroux.
1:06 of 1st period - Shot Blocked by Patrik Nemeth.
1:08 of 1st period - Wrist shot by Reilly Smith.
1:08 of 1st period - Deflect By Claude Giroux.
1:08 of 1st period - Stopped by Samuel Montembeault with a rebound.
1:10 of 1st period - Slapshot by Ryan Mcdonagh.
1:10 of 1st period - Deflect By Claude Giroux.
1:10 of 1st period - Stopped by Samuel Montembeault with a rebound.
1:12 of 1st period - Snap shot by Jack Eichel.
1:12 of 1st period - Shot Misses the Net.
1:44 of 1st period - Slapshot by Samuel Blais.
1:44 of 1st period - Stopped by Kari Lehtonen with a rebound.
1:56 of 1st period - Slapshot by Henrik Samuelsson.
1:56 of 1st period - Shot Blocked by Ryan Mcdonagh.
2:04 of 1st period - Backhand shot by Reilly Smith.
2:04 of 1st period - Stopped by Samuel Montembeault without a rebound.
2:05 of 1st period - Sean Couturier wins face-off versus Scott Laughton in Rangers zone.
2:57 of 1st period - Seth Griffith is hit by Joel Armia and loses puck.
3:55 of 1st period - Backhand shot by Jaden Schwartz.
3:55 of 1st period - Stopped by Samuel Montembeault without a rebound.
3:56 of 1st period - Tomas Hertl wins face-off versus Scott Laughton in Rangers zone.
4:11 of 1st period - Wrist shot by Scott Laughton.
4:11 of 1st period - Stopped by Samuel Montembeault with a rebound.
4:58 of 1st period - Milan Lucic is hit by Nicolas Kerdiles and loses puck.
5:35 of 1st period - Wrist shot by Scott Laughton.
5:35 of 1st period - Goal by Scott Laughton - Rangers : 0 - Predators : 1.
5:36 of 1st period - Andy Miele wins face-off versus Sean Couturier in neutral zone.
5:41 of 1st period - Wrist shot by Alexander Ovechkin.
5:41 of 1st period - Shot Misses the Net.
6:25 of 1st period - Snap shot by Tomas Hertl.
6:25 of 1st period - Shot Misses the Net.
6:27 of 1st period - Snap shot by Richard Panik.
6:27 of 1st period - Stopped by Kari Lehtonen with a rebound.
6:29 of 1st period - Slapshot by Cale Makar.
6:29 of 1st period - Shot Blocked by Mark Pysyk.
8:01 of 1st period - Snap shot by Jaden Schwartz.
8:01 of 1st period - Stopped by Samuel Montembeault with a rebound.
8:15 of 1st period - Wrist shot by Joel Armia.
8:15 of 1st period - Shot Misses the Net.
8:17 of 1st period - Slapshot by Justin Faulk.
8:17 of 1st period - Stopped by Samuel Montembeault without a rebound.
8:18 of 1st period - Henrik Samuelsson wins face-off versus Markus Granlund in Rangers zone.
8:34 of 1st period - Minor Penalty to Markus Granlund for Tripping.
8:35 of 1st period - Sean Couturier wins face-off versus Andy Miele in Predators zone.
8:43 of 1st period - Backhand shot by Sean Couturier.
8:43 of 1st period - Stopped by Kari Lehtonen with a rebound.
10:34 of 1st period - Penalty to Markus Granlund is over, Markus Granlund is back on ice.
10:40 of 1st period - Snap shot by Sean Couturier.
10:40 of 1st period - Shot Blocked by John Moore.
11:20 of 1st period - Slapshot by Jaden Schwartz.
11:20 of 1st period - Stopped by Samuel Montembeault with a rebound.
12:00 of 1st period - Slapshot by Jack Eichel.
12:00 of 1st period - Deflect By Patrik Nemeth.
12:00 of 1st period - Shot Misses the Net.
12:00 of 1st period - Puck is out of play.
12:01 of 1st period - Sean Couturier wins face-off versus Andy Miele in Rangers zone.
12:12 of 1st period - Wrist shot by Sean Couturier.
12:12 of 1st period - Deflect By Milan Lucic.
12:12 of 1st period - Stopped by Kari Lehtonen with a rebound.
12:14 of 1st period - Slapshot by Milan Lucic.
12:14 of 1st period - Shot Misses the Net.
12:16 of 1st period - Wrist shot by Milan Lucic.
12:16 of 1st period - Shot Misses the Net.
12:23 of 1st period - Icing by Andreas Englund.
12:24 of 1st period - Markus Granlund wins face-off versus Seth Griffith in Predators zone.
12:29 of 1st period - Dmitry Kulikov is hit by Andreas Englund and loses puck.
12:36 of 1st period - Slapshot by Mikhail Sergachev.
12:36 of 1st period - Deflect By Nicolas Kerdiles.
12:36 of 1st period - Stopped by Kari Lehtonen without a rebound.
12:37 of 1st period - Sean Couturier wins face-off versus Mikael Granlund in Predators zone.
12:59 of 1st period - Mikael Granlund is hit by Sean Couturier and loses puck.
14:06 of 1st period - Slapshot by Andy Miele.
14:06 of 1st period - Stopped by Samuel Montembeault with a rebound.
14:08 of 1st period - Snap shot by Alexander Ovechkin.
14:08 of 1st period - Stopped by Samuel Montembeault with a rebound.
14:28 of 1st period - Snap shot by Sean Couturier.
14:28 of 1st period - Stopped by Kari Lehtonen with a rebound.
14:53 of 1st period - Snap shot by Sean Couturier.
14:53 of 1st period - Deflect By Andy Miele.
14:53 of 1st period - Shot Misses the Net.
14:53 of 1st period - Puck is out of play.
14:54 of 1st period - Scott Laughton wins face-off versus Tomas Hertl in Predators zone.
15:01 of 1st period - Devante Smith-Pelly is hit by Scott Laughton and loses puck.
15:08 of 1st period - Wrist shot by Jaden Schwartz.
15:08 of 1st period - Stopped by Samuel Montembeault without a rebound.
15:09 of 1st period - Jack Eichel wins face-off versus Tomas Hertl in Rangers zone.
15:39 of 1st period - Wrist shot by Samuel Blais.
15:39 of 1st period - Stopped by Kari Lehtonen without a rebound.
15:40 of 1st period - Tomas Hertl wins face-off versus Scott Laughton in Predators zone.
16:07 of 1st period - Jack Eichel is hit by Samuel Blais and loses puck.
16:16 of 1st period - Wrist shot by Reilly Smith.
16:16 of 1st period - Shot Misses the Net.
16:30 of 1st period - Slapshot by Vince Dunn.
16:30 of 1st period - Stopped by Kari Lehtonen without a rebound.
16:31 of 1st period - Seth Griffith wins face-off versus Markus Granlund in Predators zone.
16:32 of 1st period - Slapshot by Cale Makar.
16:32 of 1st period - Shot Blocked by Nicolas Kerdiles.
16:32 of 1st period - Nicolas Kerdiles from Predators is injured at 16:32 of 1st period (Separated Right Shoulder).
16:33 of 1st period - Sean Couturier wins face-off versus Andy Miele in Predators zone.
16:34 of 1st period - Wrist shot by Ryan Strome.
16:34 of 1st period - Stopped by Kari Lehtonen with a rebound.
16:36 of 1st period - Snap shot by Milan Lucic.
16:36 of 1st period - Shot Hit the Post.
16:38 of 1st period - Snap shot by Jake McCabe.
16:38 of 1st period - Stopped by Kari Lehtonen without a rebound.
16:39 of 1st period - Andy Miele wins face-off versus Sean Couturier in Predators zone.
16:39 of 1st period - Andy Miele is hit by Sean Couturier.
17:52 of 1st period - Mikhail Sergachev is hit by Morgan Rielly.
18:18 of 1st period - Snap shot by Sean Couturier.
18:18 of 1st period - Shot Misses the Net.
18:34 of 1st period - Wrist shot by Travis Dermott.
18:34 of 1st period - Stopped by Samuel Montembeault without a rebound.
18:35 of 1st period - Tomas Hertl wins face-off versus Markus Granlund in Rangers zone.
19:04 of 1st period - Snap shot by Reilly Smith.
19:04 of 1st period - Stopped by Samuel Montembeault without a rebound.
19:05 of 1st period - Andy Miele wins face-off versus Sean Couturier in Rangers zone.
19:12 of 1st period - Snap shot by Andy Miele.
19:12 of 1st period - Deflect By Vince Dunn.
19:12 of 1st period - Stopped by Samuel Montembeault without a rebound.
19:13 of 1st period - Sean Couturier wins face-off versus Andy Miele in Rangers zone.
19:17 of 1st period - Vince Dunn is hit by Ryan Mcdonagh and loses puck.
19:20 of 1st period - Minor Penalty to Alexander Ovechkin for Hooking.
19:21 of 1st period - Andy Miele wins face-off versus Sean Couturier in Predators zone.
19:26 of 1st period - Snap shot by Devante Smith-Pelly.
19:26 of 1st period - Shot Misses the Net.
19:28 of 1st period - Wrist shot by Milan Lucic.
19:28 of 1st period - Stopped by Kari Lehtonen without a rebound.
19:29 of 1st period - Sean Couturier wins face-off versus Andy Miele in Predators zone.
Goals for this period are 0 for Rangers vs 1 for Predators.
Shots for this period are 11 for Rangers vs 15 for Predators.

2nd period


0:01 of 2nd period - Sean Couturier wins face-off versus Andy Miele in neutral zone.
0:08 of 2nd period - Slapshot by Sean Couturier.
0:08 of 2nd period - Shot Misses the Net.
0:10 of 2nd period - Snap shot by Milan Lucic.
0:10 of 2nd period - Shot Blocked by Ryan Mcdonagh.
0:36 of 2nd period - Snap shot by Tomas Hertl.
0:36 of 2nd period - Goal by Tomas Hertl - Rangers : 1 - Predators : 1.
0:37 of 2nd period - Andy Miele wins face-off versus Sean Couturier in neutral zone.
1:09 of 2nd period - Wrist shot by Mikael Granlund.
1:09 of 2nd period - Shot Blocked by Sean Couturier.
1:11 of 2nd period - Wrist shot by Andy Miele.
1:11 of 2nd period - Stopped by Samuel Montembeault with a rebound.
1:13 of 2nd period - Slapshot by Andy Miele.
1:13 of 2nd period - Stopped by Samuel Montembeault without a rebound.
1:14 of 2nd period - Tomas Hertl wins face-off versus Scott Laughton in Rangers zone.
2:16 of 2nd period - Minor Penalty to Richard Panik for Delaying the game.
2:17 of 2nd period - Andy Miele wins face-off versus Sean Couturier in Rangers zone.
2:18 of 2nd period - Snap shot by Mikael Granlund.
2:18 of 2nd period - Shot Misses the Net.
2:44 of 2nd period - Ryan Mcdonagh is hit by Jake McCabe and loses puck.
3:19 of 2nd period - Reilly Smith is hit by Sean Couturier and loses puck.
4:16 of 2nd period - Penalty to Richard Panik is over, Richard Panik is back on ice.
4:44 of 2nd period - Icing by Ryan Mcdonagh.
4:45 of 2nd period - Markus Granlund wins face-off versus Seth Griffith in Predators zone.
4:54 of 2nd period - Vince Dunn is hit by Jaden Schwartz and loses puck.
5:11 of 2nd period - Snap shot by Sean Couturier.
5:11 of 2nd period - Shot Misses the Net.
5:13 of 2nd period - Slapshot by Milan Lucic.
5:13 of 2nd period - Stopped by Kari Lehtonen with a rebound.
5:15 of 2nd period - Slapshot by Vince Dunn.
5:15 of 2nd period - Deflect By Ryan Strome.
5:15 of 2nd period - Shot Blocked by Morgan Rielly.
5:15 of 2nd period - Puck is out of play.
5:16 of 2nd period - Andy Miele wins face-off versus Tomas Hertl in Predators zone.
5:31 of 2nd period - Wrist shot by Ondrej Palat.
5:31 of 2nd period - Goal by Ondrej Palat - Rangers : 2 - Predators : 1.
5:32 of 2nd period - Andy Miele wins face-off versus Sean Couturier in neutral zone.
5:59 of 2nd period - Devante Smith-Pelly is hit by Jack Eichel and loses puck.
6:06 of 2nd period - Wrist shot by Jack Eichel.
6:06 of 2nd period - Stopped by Samuel Montembeault without a rebound.
6:07 of 2nd period - Tomas Hertl wins face-off versus Jack Eichel in Rangers zone.
7:22 of 2nd period - Slapshot by Claude Giroux.
7:22 of 2nd period - Shot Misses the Net.
7:24 of 2nd period - Wrist shot by Joel Armia.
7:24 of 2nd period - Shot Blocked by Dmitry Kulikov.
8:06 of 2nd period - Ryan Strome is hit by Andreas Englund and loses puck.
8:42 of 2nd period - John Moore is hit by Jake McCabe and loses puck.
9:13 of 2nd period - Snap shot by Mark Pysyk.
9:13 of 2nd period - Shot Blocked by Richard Panik.
9:15 of 2nd period - Slapshot by Morgan Rielly.
9:15 of 2nd period - Shot Misses the Net.
9:17 of 2nd period - Slapshot by Morgan Rielly.
9:17 of 2nd period - Stopped by Samuel Montembeault without a rebound.
9:18 of 2nd period - Alexander Ovechkin wins face-off versus Sean Couturier in Rangers zone.
9:29 of 2nd period - Alexander Ovechkin is hit by Vince Dunn and loses puck.
9:44 of 2nd period - Patrik Nemeth is hit by Ryan Mcdonagh and loses puck.
9:51 of 2nd period - Reilly Smith is hit by Devante Smith-Pelly and loses puck.
10:26 of 2nd period - Ryan Strome is hit by Joel Armia and loses puck.
10:32 of 2nd period - Milan Lucic is hit by Joel Armia.
10:39 of 2nd period - Icing by Claude Giroux.
10:40 of 2nd period - Joel Armia wins face-off versus Seth Griffith in Predators zone.
10:40 of 2nd period - Joel Armia is hit by T.J Galiardi.
10:54 of 2nd period - Slapshot by Alexander Ovechkin.
10:54 of 2nd period - Stopped by Samuel Montembeault with a rebound.
11:11 of 2nd period - Snap shot by Milan Lucic.
11:11 of 2nd period - Stopped by Kari Lehtonen without a rebound.
11:12 of 2nd period - Sean Couturier wins face-off versus Scott Laughton in Predators zone.
11:21 of 2nd period - Snap shot by Milan Lucic.
11:21 of 2nd period - Stopped by Kari Lehtonen without a rebound.
11:22 of 2nd period - Sean Couturier wins face-off versus Andy Miele in Predators zone.
12:01 of 2nd period - Jaden Schwartz is hit by Jake McCabe and loses puck.
13:12 of 2nd period - Icing by Richard Panik.
13:13 of 2nd period - Seth Griffith wins face-off versus Andy Miele in Rangers zone.
13:52 of 2nd period - Snap shot by Richard Panik.
13:52 of 2nd period - Stopped by Kari Lehtonen with a rebound.
13:54 of 2nd period - Slapshot by Seth Griffith.
13:54 of 2nd period - Shot Blocked by Jack Eichel.
13:56 of 2nd period - Backhand shot by T.J Galiardi.
13:56 of 2nd period - Deflect By Seth Griffith.
13:56 of 2nd period - Shot Misses the Net.
13:56 of 2nd period - Puck is out of play.
13:57 of 2nd period - Sean Couturier wins face-off versus Andy Miele in Predators zone.
14:00 of 2nd period - Snap shot by Milan Lucic.
14:00 of 2nd period - Shot Misses the Net.
14:02 of 2nd period - Snap shot by Ryan Strome.
14:02 of 2nd period - Shot Misses the Net.
14:04 of 2nd period - Slapshot by Jake McCabe.
14:04 of 2nd period - Shot Blocked by Andreas Englund.
14:06 of 2nd period - Snap shot by Sean Couturier.
14:06 of 2nd period - Stopped by Kari Lehtonen with a rebound.
14:08 of 2nd period - Snap shot by Milan Lucic.
14:08 of 2nd period - Stopped by Kari Lehtonen without a rebound.
14:09 of 2nd period - Andy Miele wins face-off versus Sean Couturier in Predators zone.
14:14 of 2nd period - Snap shot by John Moore.
14:14 of 2nd period - Shot Blocked by Ryan Strome.
14:43 of 2nd period - Snap shot by Devante Smith-Pelly.
14:43 of 2nd period - Shot Misses the Net.
14:45 of 2nd period - Wrist shot by Ondrej Palat.
14:45 of 2nd period - Stopped by Kari Lehtonen with a rebound.
15:25 of 2nd period - Alexander Ovechkin is hit by Milan Lucic and loses puck.
16:02 of 2nd period - Claude Giroux is hit by Ondrej Palat and loses puck.
16:18 of 2nd period - Minor Penalty to Scott Laughton for Goalie Interference.
16:19 of 2nd period - Andy Miele wins face-off versus Sean Couturier in Predators zone.
16:31 of 2nd period - Ryan Mcdonagh is hit by Devante Smith-Pelly and loses puck.
16:46 of 2nd period - Mark Pysyk is hit by Ondrej Palat and loses puck.
16:51 of 2nd period - Snap shot by Tomas Hertl.
16:51 of 2nd period - Stopped by Kari Lehtonen with a rebound.
16:53 of 2nd period - Slapshot by Samuel Blais.
16:53 of 2nd period - Shot Misses the Net.
16:55 of 2nd period - Snap shot by Ryan Strome.
16:55 of 2nd period - Shot Blocked by Mark Pysyk.
16:57 of 2nd period - Wrist shot by Tomas Hertl.
16:57 of 2nd period - Shot Misses the Net.
17:42 of 2nd period - Claude Giroux is hit by Sean Couturier and loses puck.
18:12 of 2nd period - Cale Makar is hit by Alexander Ovechkin.
18:16 of 2nd period - John Moore is hit by Devante Smith-Pelly.
18:18 of 2nd period - Penalty to Scott Laughton is over, Scott Laughton is back on ice.
19:33 of 2nd period - Seth Griffith is hit by Mark Pysyk and loses puck.
19:46 of 2nd period - Andy Miele is hit by Sean Couturier and loses puck.
Goals for this period are 2 for Rangers vs 0 for Predators.
Shots for this period are 10 for Rangers vs 5 for Predators.

3rd period


0:01 of 3rd period - Andy Miele wins face-off versus Sean Couturier in neutral zone.
0:47 of 3rd period - Off-side.
0:48 of 3rd period - Henrik Samuelsson wins face-off versus Scott Laughton in neutral zone.
1:03 of 3rd period - Slapshot by Henrik Samuelsson.
1:03 of 3rd period - Shot Blocked by John Moore.
1:11 of 3rd period - Wrist shot by Oliver Bjorkstrand.
1:11 of 3rd period - Stopped by Kari Lehtonen without a rebound.
1:12 of 3rd period - Sean Couturier wins face-off versus Andy Miele in Predators zone.
1:15 of 3rd period - Backhand shot by Cale Makar.
1:15 of 3rd period - Shot Blocked by Mikael Granlund.
1:27 of 3rd period - Slapshot by Mikael Granlund.
1:27 of 3rd period - Stopped by Samuel Montembeault with a rebound.
1:39 of 3rd period - Ryan Mcdonagh is hit by Tomas Hertl and loses puck.
2:06 of 3rd period - Morgan Rielly is hit by Henrik Samuelsson and loses puck.
2:43 of 3rd period - Slapshot by Mikhail Sergachev.
2:43 of 3rd period - Shot Hit the Post.
3:29 of 3rd period - Markus Granlund is hit by Samuel Blais and loses puck.
3:46 of 3rd period - Richard Panik is hit by Mikael Granlund and loses puck.
4:23 of 3rd period - Wrist shot by Devante Smith-Pelly.
4:23 of 3rd period - Shot Misses the Net.
5:00 of 3rd period - Slapshot by Cale Makar.
5:00 of 3rd period - Deflect By T.J Galiardi.
5:00 of 3rd period - Stopped by Kari Lehtonen with a rebound.
5:02 of 3rd period - Backhand shot by Jake McCabe.
5:02 of 3rd period - Stopped by Kari Lehtonen with a rebound.
5:37 of 3rd period - Vince Dunn is hit by Reilly Smith.
5:48 of 3rd period - Minor Penalty to Ryan Mcdonagh for Unsportsmanlike conduct.
5:49 of 3rd period - Sean Couturier wins face-off versus Andy Miele in Predators zone.
7:48 of 3rd period - Penalty to Ryan Mcdonagh is over, Ryan Mcdonagh is back on ice.
8:34 of 3rd period - Jake McCabe is hit by Ryan Mcdonagh and loses puck.
9:15 of 3rd period - Snap shot by Jack Eichel.
9:15 of 3rd period - Stopped by Samuel Montembeault without a rebound.
9:16 of 3rd period - Jack Eichel wins face-off versus Tomas Hertl in Rangers zone.
9:31 of 3rd period - Wrist shot by Claude Giroux.
9:31 of 3rd period - Shot Blocked by Samuel Blais.
9:33 of 3rd period - Snap shot by Scott Laughton.
9:33 of 3rd period - Deflect By Mikhail Sergachev.
9:33 of 3rd period - Stopped by Samuel Montembeault with a rebound.
9:35 of 3rd period - Wrist shot by Jaden Schwartz.
9:35 of 3rd period - Stopped by Samuel Montembeault without a rebound.
9:36 of 3rd period - Scott Laughton wins face-off versus Sean Couturier in Rangers zone.
10:16 of 3rd period - Wrist shot by Ryan Strome.
10:16 of 3rd period - Stopped by Kari Lehtonen without a rebound.
10:17 of 3rd period - Tomas Hertl wins face-off versus Andy Miele in Predators zone.
10:20 of 3rd period - Wrist shot by Ondrej Palat.
10:20 of 3rd period - Stopped by Kari Lehtonen without a rebound.
10:21 of 3rd period - Andy Miele wins face-off versus Tomas Hertl in Predators zone.
11:11 of 3rd period - Cale Makar is hit by Andreas Englund and loses puck.
12:03 of 3rd period - Snap shot by Jaden Schwartz.
12:03 of 3rd period - Shot Misses the Net.
13:20 of 3rd period - Snap shot by Ondrej Palat.
13:20 of 3rd period - Stopped by Kari Lehtonen with a rebound.
13:22 of 3rd period - Snap shot by Tomas Hertl.
13:22 of 3rd period - Stopped by Kari Lehtonen with a rebound.
13:24 of 3rd period - Snap shot by Devante Smith-Pelly.
13:24 of 3rd period - Stopped by Kari Lehtonen without a rebound.
13:25 of 3rd period - Alexander Ovechkin wins face-off versus Tomas Hertl in Predators zone.
13:44 of 3rd period - Travis Dermott is hit by Ondrej Palat and loses puck.
14:15 of 3rd period - Off-side.
14:16 of 3rd period - Reilly Smith wins face-off versus Sean Couturier in neutral zone.
14:22 of 3rd period - Snap shot by Jack Eichel.
14:22 of 3rd period - Stopped by Samuel Montembeault with a rebound.
14:24 of 3rd period - Wrist shot by Claude Giroux.
14:24 of 3rd period - Shot Misses the Net.
14:38 of 3rd period - Icing by John Moore.
14:39 of 3rd period - Jack Eichel wins face-off versus Henrik Samuelsson in Predators zone.
14:39 of 3rd period - Jack Eichel is hit by Henrik Samuelsson.
15:28 of 3rd period - Slapshot by Jack Eichel.
15:28 of 3rd period - Shot Blocked by Henrik Samuelsson.
15:30 of 3rd period - Snap shot by Reilly Smith.
15:30 of 3rd period - Shot Misses the Net.
15:32 of 3rd period - Slapshot by Morgan Rielly.
15:32 of 3rd period - Stopped by Samuel Montembeault without a rebound.
15:33 of 3rd period - Milan Lucic wins face-off versus Scott Laughton in Rangers zone.
15:33 of 3rd period - Milan Lucic is hit by Mark Pysyk.
15:59 of 3rd period - Ondrej Palat is hit by Andy Miele and loses puck.
17:55 of 3rd period - Jack Eichel is hit by Ondrej Palat and loses puck.
18:24 of 3rd period - Tomas Hertl is hit by Jaden Schwartz and loses puck.
19:05 of 3rd period - Predators, Kari Lehtonen is pulled from the net.
19:29 of 3rd period - Snap shot by Sean Couturier.
19:29 of 3rd period - Shot Misses the Net.
19:31 of 3rd period - Wrist shot by Oliver Bjorkstrand.
19:31 of 3rd period - Shot Misses the Net.
19:33 of 3rd period - Snap shot by Sean Couturier.
19:33 of 3rd period - Shot Misses the Net.
19:35 of 3rd period - Snap shot by Jake McCabe.
19:35 of 3rd period - Shot Blocked by Andreas Englund.
19:37 of 3rd period - Slapshot by Vince Dunn.
19:37 of 3rd period - Goal by Vince Dunn - Rangers : 3 - Predators : 1.
19:37 of 3rd period - Kari Lehtonen from Predators was sent back in the game.
19:38 of 3rd period - Scott Laughton wins face-off versus Sean Couturier in neutral zone.
19:40 of 3rd period - Minor Penalty to Justin Faulk for Tripping.
19:41 of 3rd period - Andy Miele wins face-off versus Sean Couturier in Predators zone.
19:41 of 3rd period - Andy Miele is hit by Cale Makar.
Goals for this period are 1 for Rangers vs 0 for Predators.
Shots for this period are 9 for Rangers vs 6 for Predators.